Map: Data-C

Players

BeNeFiT

  • Race: Protoss Protoss
  • Spawn Location: 3:00

Rob - Winner!

  • Race: Protoss Protoss
  • Spawn Location: 9:00

Event: DreamHack SC2 Masters 2022 Atlanta (Offline)

VOD

Have the link to the VOD?

Description

Time

  • Played on: Nov. 18, 2022, 11:27 a.m.
  • Length: 7:50

All games in this series

Show
View Real Time Build Order
Export as new Build Order

BeNeFiT Protoss 

Build Orders: Oracle Opening, Phoenix Opening 

Get SALT Encoding   

  12  0:00  Probe  
  13  0:12  Probe  
  14  0:19  Pylon  
  14  0:24  Probe  
  15  0:37  Probe (Chrono Boost)  
  15  0:39  Gateway  
  16  0:46  Probe (Chrono Boost)  
  16  0:47  Assimilator  
  17  0:52  Probe  
  18  1:04  Probe  
  19  1:14  Pylon  
  19  1:15  Assimilator  
  19  1:16  Probe  
  19  1:27  Zealot  
  21  1:35  Cybernetics Core  
  21  1:38  Probe (Chrono Boost)  
  23  1:48  Probe (Chrono Boost)  
  23  1:55  Probe  
  23  1:56  Pylon  
  24  2:07  Probe  
  25  2:18  Stargate  
  25  2:22  Cybernetics Core  
  25  2:23  Adept (Chrono Boost)  
  25  2:28  Probe  
  28  2:36  Pylon  
  28  2:40  Probe  
  28  2:41  Warp Gate  
  29  2:52  Probe  
  30  3:02  Oracle  
  33  3:20  Nexus  
  33  3:23  Nexus  
  34  3:29  Shield Battery  
  34  3:30  Probe  
  34  3:37  Stalker  
  34  3:48  Phoenix  
  36  3:51  Probe  
  37  4:02  Twilight Council  
  37  4:20  Probe (Chrono Boost)  
  38  4:28  Probe (Chrono Boost)  
  39  4:35  Probe  
  40  4:39  Probe  
  40  4:40  Blink (Chrono Boost)  
  41  4:47  Probe  
  41  4:51  Probe  
  43  4:57  Stalker  
  43  4:59  Probe  
  46  5:03  Probe  
  43  5:07  Gateway  
  43  5:11  Probe  
  44  5:18  Probe  
  45  5:22  Stalker  
  45  5:27  Probe  
  45  5:28  Gateway  
  48  5:33  Probe  
  49  5:39  Probe  
  50  5:45  Probe, Stalker  
  53  5:51  Probe  
  54  6:00  Nexus  
  53  6:04  Pylon  
  53  6:12  Pylon  
  53  6:15  Stalker, Pylon  
  53  6:17  Probe  
  54  6:25  Stalker x2  
  56  6:27  Probe  
  55  6:34  Probe  
  55  6:35  Pylon  
  55  6:38  Pylon  
  52  6:41  Stalker  
  52  6:46  Stalker  
  48  6:47  Probe  
  47  6:54  Stalker  
  46  7:02  Stalker  
  46  7:08  Pylon  
  48  7:18  Stalker  
  50  7:23  Gateway  
  50  7:26  Stalker  
  50  7:31  Stalker  
  50  7:36  Probe  
  50  7:37  Probe  
  55  7:42  Gateway  
  55  7:43  Stalker  
Show
View Real Time Build Order
Export as new Build Order

Rob Protoss - Winner!

Build Orders: Oracle Opening 

Get SALT Encoding   

  12  0:00  Probe  
  13  0:12  Probe  
  14  0:18  Pylon  
  14  0:24  Probe (Chrono Boost)  
  15  0:36  Probe (Chrono Boost)  
  15  0:40  Gateway  
  16  0:45  Probe (Chrono Boost)  
  16  0:48  Assimilator  
  17  0:51  Probe  
  18  1:03  Probe (Chrono Boost)  
  19  1:06  Assimilator  
  19  1:14  Probe (Chrono Boost)  
  20  1:19  Probe (Chrono Boost)  
  20  1:23  Pylon  
  21  1:27  Cybernetics Core  
  21  1:29  Probe  
  22  1:41  Zealot  
  22  1:43  Probe  
  25  1:55  Probe  
  25  1:56  Pylon  
  26  2:05  Warp Gate  
  26  2:08  Probe, Stalker  
  29  2:18  Cybernetics Core  
  29  2:30  Pylon  
  29  2:32  Stargate  
  29  2:56  Shield Battery  
  29  3:05  Nexus  
  29  3:07  Probe  
  29  3:13  Oracle (Chrono Boost)  
  32  3:29  Probe  
  33  3:40  Oracle (Chrono Boost)  
  33  3:42  Probe  
  33  3:48  Pylon  
  39  3:53  Twilight Council  
  37  3:57  Probe  
  38  4:03  Gateway  
  38  4:09  Probe (Chrono Boost)  
  39  4:17  Probe (Chrono Boost)  
  39  4:21  Probe (Chrono Boost), Stalker  
  43  4:25  Blink (Chrono Boost)  
  43  4:26  Probe (Chrono Boost)  
  43  4:28  Probe (Chrono Boost)  
  45  4:33  Probe  
  45  4:35  Probe  
  47  4:46  Stalker  
  47  4:48  Probe x2  
  47  4:50  Robotics Facility  
  51  4:58  Pylon  
  51  5:00  Probe  
  52  5:09  Probe  
  52  5:12  Probe, Stalker x2  
  58  5:15  Pylon  
  55  5:33  Nexus  
  55  5:38  Probe x2  
  55  5:40  Observer  
  58  5:51  Stalker  
  58  5:52  Stalker  
  62  6:02  Probe x2  
  64  6:12  Gateway  
  64  6:13  Gateway  
  64  6:14  Gateway  
  64  6:15  Stalker x2  
  64  6:18  Probe  
  69  6:19  Probe  
  70  6:34  Probe x2  
  70  6:46  Stalker x2  
  68  6:47  Probe x2  
  68  6:49  Probe  
  71  6:59  Probe  
  71  7:00  Probe  
  71  7:01  Probe  
  70  7:11  Stalker x4  
  70  7:13  Stalker  
  70  7:14  Probe x2  
  79  7:24  Nexus  
  79  7:25  Observer (Chrono Boost), Forge  
  79  7:26  Pylon  
  80  7:31  Probe x2  
  86  7:46  Pylon  
Tags
 
Add a new tag
Caveats
  • Supply blocks, unpowered buildings, or Contaminate may cause inaccurate times.
  • Supply counts are checked every 10 seconds.